 Dungeon Crawl Stone Soup version 0.19-a0-811-gf4045fb (webtiles) character file.

169 Stormbringer the Insei (level 5, -3/41 HPs)
             Began as a Mummy Monk on June 28, 2016.
             Killed by divine providence
             ... invoked by an orc priest
              (12 damage)
             ... on level 3 of the Dungeon.
             The game lasted 00:06:53 (4239 turns).

Stormbringer the Insei (Mummy Monk)                 Turns: 4239, Time: 00:06:54

Health: -3/41      AC:  0    Str: 14    XL:     5   Next: 25%
Magic:  5/5        EV: 12    Int:  9    God:
Gold:   196        SH:  0    Dex: 16    Spells: 0 memorised, 4 levels left

rFire  x . .     SeeInvis .       - Unarmed
rCold  + . .     Gourm    .     (no armour)
rNeg   + + +     Faith    .     (no shield)
rPois  ∞         Spirit   .     (no helmet)
rElec  .         Dismiss  .     (no cloak)
rCorr  .         Reflect  .     (no gloves)
SustAt .         Harm     .     (no boots)
MR     +....                    (no amulet)
Stlth  +.........               j - ring of protection from magic
                                (no ring)

@: heavily drained, somewhat resistant to hostile enchantments, very unstealthy
A: no food or potions, fire vulnerability, cold resistance 1, negative energy
resistance 3, torment resistance, unbreathing
a: no special abilities


You were on level 3 of the Dungeon.
You were not hungry.

You visited 1 branch of the dungeon, and saw 3 of its levels.

You collected 196 gold pieces.


Innate Abilities, Weirdness & Mutations

You do not eat or drink.
Your flesh is vulnerable to fire.
You are immune to poison.
Your flesh is cold resistant. (rC+)
You are immune to negative energy. (rN+++)
You are immune to unholy pain and torment.
You can survive without breathing.


   Skills:
 - Level 3.0(1.3) Fighting
 + Level 3.5(1.8) Dodging
 - Level 1.5(0.0) Stealth
 - Level 4.2(2.5) Unarmed Combat


You had 4 spell levels left.
You didn't know any spells.

Inventory:

Jewellery
 g - a +5 amulet of reflection (quivered)
 j - a ring of protection from magic (right hand)
Scrolls
 a - a scroll of blinking {unknown}
 c - a scroll of identify {@r1}
 d - a scroll of random uselessness
 e - 2 scrolls of remove curse
 f - a scroll of immolation {!r}
 i - a scroll of teleportation {@r4}
Comestibles
 b - a royal jelly

Dungeon Overview and Level Annotations

Branches:
Dungeon (3/15)

Altars:
Okawaru
Sif Muna

Annotations:
D:1 exclusion: door
D:2 exclusion: downstairs
D:3 exclusion: phantom

▒▒▒▒▒▒▒▒
▒▒▒▒▒▒▒▒▒▒▒▒▒▒▒▒▒▒.▒.▒▒.▒
......(....o...o...▒....▒
▒▒▒▒▒▒..▒▒▒▒▒▒▒▒▒▒.▒.▒▒.▒
▒..▒ ▒....▒.▒.▒▒.▒
▒▒▒▒..▒ ▒.▒oM▒.▒.▒▒.▒
▒.....▒ ▒o▒.)▒o▒.▒▒.▒
▒.....▒ ▒o▒..▒.▒.▒▒.▒
▒.....▒ ▒.▒▒▒▒.▒.▒▒.▒ ▒
▒..o..▒ ▒...o.....▒.▒ ▒
▒.....▒ ▒▒▒▒▒▒.▒..▒.▒ ▒
▒.....▒ ▒.▒.%▒.▒▒▒▒▒▒▒▒
▒▒▒.....▒ ▒.▒...........▒
.▒▒.....▒ ▒.▒▒.▒........▒


You could see an orc priest.


Message History

The orc priest hits you with a club!
You barely miss the orc priest!
The orc priest is lightly wounded!
The orc priest hits you but does no damage!
You closely miss the orc priest!
The orc priest is lightly wounded!
The orc priest hits you but does no damage!
You squash the orc priest but do no damage!
The orc priest is lightly wounded!
The orc priest hits you with a club!!! * * * don't die
* * * You pummel the orc priest but do no damage!
You pulverise the orc priest but do no damage!
The orc priest hits you with a club!!! * * * don't die
* * * You squash the orc priest like an ant!
You punch the orc priest!
The orc priest is heavily wounded!
The orc priest barely misses you!
You pulverise the orc priest!
The orc priest is heavily wounded!
The orc priest mumbles some strange prayers to Beogh against you!
You are unaffected!
You pummel the orc priest but do no damage!
The orc priest is heavily wounded!
The orc priest closely misses you!
You pulverise the orc priest but do no damage!
The orc priest is heavily wounded!
The orc priest mumbles some strange prayers to Beogh against you!
Beogh smites you!!! rip

Action                   |  1- 3 |  4- 6 || total
-------------------------+-------+-------++-------
Melee: Unarmed           |   136 |   148 ||   284
       Punch             |       |     3 ||     3
  Use: Scroll            |       |     5 ||     5
 Stab: Sleeping          |     5 |     3 ||     8
Dodge: Dodged            |    87 |    84 ||   171

Vault maps used:
D:1:      dpeg_arrival_morbid_curiosity
D:2:      lemuel_blue_sif_altar
D:3:      fiery_altar_vehumet, okawaru_gym_becter

Notes
Turn   | Place    | Note
--------------------------------------------------------------
     0 | D:1      | Stormbringer the Mummy Monk began the quest for the Orb.
     0 | D:1      | Reached XP level 1. HP: 18/18 MP: 1/1
   290 | D:1      | Reached XP level 2. HP: 13/24 MP: 2/2
   502 | D:1      | Reached skill level 3 in Unarmed Combat
  1672 | D:2      | Reached XP level 3. HP: 22/29 MP: 3/3
  1716 | D:2      | Found a deep blue altar of Sif Muna.
  2489 | D:2      | Reached skill level 4 in Unarmed Combat
  2489 | D:2      | Reached XP level 4. HP: 25/35 MP: 4/4
  2604 | D:3      | Found an iron altar of Okawaru.
  2777 | D:3      | Noticed a phantom
  3113 | D:3      | Reached skill level 3 in Dodging
  3134 | D:3      | Noticed an ogre
  3556 | D:3      | Reached XP level 5. HP: 37/41 MP: 5/5
  4239 | D:3      | Killed from afar by an orc priest

Vanquished Creatures
  A worker ant zombie (D:3)
  9 adders
  A worm (D:2)
  4 giant geckos
  6 orcs
  4 giant cockroaches
  8 goblins
  5 hobgoblins
  5 jackals
  A quokka (D:3)
  3 bats
  5 giant newts
  5 kobolds
  8 rats
65 creatures vanquished.
